General information
- name: BNet
- type: Ladder team game (AT/RT)
- host: Battle.net
- saver: Torgo(Easy)
map: TwistedMeadows
- players: 4
- length: 59:58
- speed: Fast
- version: 1.24 W3XP
- replay type: Public
» download(261 KB)
Players
team 1 (loser)
DRAKETOWEEZY (
purple | 42 APM | 2503 actions | 59:52)
8 Demon Hunter
3 Mana Burn
3 Evasion
1 Metamorphosis
1 Immolation
» actions
| Assign group hotkey | 1 | |
| Basic commands | 183 | |
| Build / train | 91 | |
| ESC pressed | 2 | |
| Enter build submenu | 28 | |
| Enter hero's abilities submenu | 8 | |
| Right click | 996 | |
| Select / deselect | 1070 | |
| Use ability | 124 | |
2503 total
» units
| Wisp | 25 | |
| Huntress | 8 | |
| Glaive Thrower | 4 | |
| Archer | 1 | |
| Dryad | 7 | |
| Druid of the Claw | 6 | |
| Goblin Zeppelin | 3 | |
| Chimaera | 9 | |
| Troll Headhunter/Berserker | 5 | |
68 total
» upgrades
| Strength of the Moon | 1 | |
| Abolish Magic | 1 | |
| Druid of the Claw Training | 2 | |
| Mark of the Claw | 1 | |
| Strength of the Wild | 2 | |
| Reinforced Hides | 2 | |
| Corrosive Breath | 1 | |
10 total
» buildings
| Altar of Elders | 1 | |
| Moon Well | 9 | |
| Hunter's Hall | 1 | |
| Ancient of War | 2 | |
| Tree of Ages | 1 | |
| Ancient Protector | 2 | |
| Ancient of Lore | 3 | |
| Tree of Eternity | 1 | |
| Tree of Life | 3 | |
| Ancient of Wind | 1 | |
| Chimaera Roost | 3 | |
27 total
» build order
00:08 Altar of Elders
00:13 Moon Well
01:32 Hunter's Hall
02:05 Ancient of War
02:21 Ancient of War
02:31 Moon Well
02:42 Moon Well
05:10 Moon Well
07:17 Tree of Ages
08:00 Moon Well
08:02 Moon Well
13:26 Ancient Protector
13:29 Ancient Protector
14:22 Ancient of Lore
14:25 Ancient of Lore
14:31 Moon Well
17:09 Ancient of Lore
18:54 Tree of Eternity
21:57 Tree of Life
22:42 Moon Well
32:05 Moon Well
36:44 Tree of Life
38:25 Ancient of Wind
39:43 Tree of Life
40:06 Chimaera Roost
40:10 Chimaera Roost
40:13 Chimaera Roost
» items
| Circlet of Nobility | 1 | |
| Scroll of Protection | 1 | |
2 total
FaLLz (
green | 116 APM | 6612 actions | 57:03)
8 Blademaster
3 Wind Walk
3 Critical Strike
1 Bladestorm
1 Mirror Image
5 Shadow Hunter
3 Hex
2 Healing Wave
» actions
| Assign group hotkey | 166 | |
| Basic commands | 5 | |
| Build / train | 134 | |
| Enter build submenu | 20 | |
| Enter hero's abilities submenu | 14 | |
| Give item / drop item | 5 | |
| Remove unit from queue | 6 | |
| Right click | 2598 | |
| Select / deselect | 765 | |
| Select group hotkey | 2594 | |
| Use ability | 305 | |
6612 total
» units
| Peon | 11 | |
| Grunt | 10 | |
| Raider | 13 | |
| Demolisher | 28 | |
| Wind Rider | 4 | |
| Goblin Zeppelin | 6 | |
| Troll Batrider | 14 | |
86 total
» upgrades
| Ensnare | 1 | |
| Armor | 3 | |
| Ranged Weapons | 3 | |
| Burning Oil | 1 | |
| Liquid Fire | 1 | |
9 total
» buildings
| Altar of Storms | 1 | |
| Orc Burrow | 9 | |
| Barracks | 2 | |
| Voodoo Lounge | 1 | |
| Stronghold | 5 | |
| War Mill | 1 | |
| Beastiary | 2 | |
| Great Hall | 2 | |
| Fortress | 2 | |
| Watch Tower | 5 | |
30 total
» build order
00:05 Altar of Storms
00:05 Orc Burrow
00:49 Barracks
01:10 Orc Burrow
01:47 Voodoo Lounge
03:05 Stronghold
03:05 Stronghold
03:05 Stronghold
03:43 Orc Burrow
05:02 War Mill
05:06 Orc Burrow
06:09 Beastiary
06:36 Orc Burrow
09:03 Orc Burrow
14:31 Orc Burrow
14:32 Orc Burrow
14:33 Orc Burrow
23:23 Great Hall
23:39 Fortress
24:16 Watch Tower
24:17 Watch Tower
24:17 Watch Tower
24:20 Watch Tower
24:21 Watch Tower
31:58 Barracks
42:17 Beastiary
51:23 Great Hall
» items
| Lesser Clarity Potion | 2 | |
| Healing Salve | 2 | |
| Potion of Healing | 4 | |
| Orb of Lightning | 1 | |
9 total
team 2 (winner)
shadowdragon00 (
teal | 28 APM | 1696 actions | 59:53)
3 Blademaster
2 Wind Walk
1 Critical Strike
2 Shadow Hunter
1 Serpent Ward
1 Healing Wave
» actions
| Assign group hotkey | 44 | |
| Basic commands | 320 | |
| Build / train | 44 | |
| ESC pressed | 2 | |
| Enter build submenu | 44 | |
| Enter hero's abilities submenu | 5 | |
| Right click | 574 | |
| Select / deselect | 368 | |
| Select group hotkey | 196 | |
| Use ability | 99 | |
1696 total
» units
| Peon | 11 | |
| Grunt | 5 | |
| Demolisher | 1 | |
| Wind Rider | 2 | |
| Raider | 11 | |
30 total
» upgrades
| Spiked Barricades | 1 | |
| Pillage | 1 | |
| Ensnare | 1 | |
3 total
» buildings
| Altar of Storms | 1 | |
| Orc Burrow | 5 | |
| War Mill | 1 | |
| Barracks | 1 | |
| Watch Tower | 30 | |
| Voodoo Lounge | 1 | |
| Stronghold | 1 | |
| Beastiary | 2 | |
42 total
» build order
00:14 Altar of Storms
00:17 Orc Burrow
00:54 War Mill
01:38 Barracks
02:06 Watch Tower
02:11 Voodoo Lounge
02:43 Watch Tower
03:08 Orc Burrow
03:28 Watch Tower
03:59 Stronghold
04:11 Watch Tower
04:45 Watch Tower
05:21 Watch Tower
05:36 Orc Burrow
06:02 Watch Tower
07:04 Beastiary
07:07 Watch Tower
07:44 Watch Tower
08:17 Watch Tower
08:33 Watch Tower
08:39 Beastiary
09:01 Watch Tower
09:29 Watch Tower
09:32 Watch Tower
10:12 Watch Tower
10:18 Watch Tower
10:23 Watch Tower
10:31 Watch Tower
10:51 Watch Tower
10:57 Watch Tower
11:52 Watch Tower
11:55 Watch Tower
12:30 Watch Tower
12:31 Watch Tower
13:01 Orc Burrow
13:33 Orc Burrow
16:41 Watch Tower
16:46 Watch Tower
16:48 Watch Tower
17:01 Watch Tower
17:02 Watch Tower
17:04 Watch Tower
» items
| Healing Salve | 1 | |
| Lesser Clarity Potion | 2 | |
3 total
Torgo(Easy) (
orange | 61 APM | 3677 actions | 59:58)
4 Archmage
2 Blizzard
2 Brilliance Aura
3 Mountain King
2 Storm Bolt
1 Bash
» actions
| Assign group hotkey | 59 | |
| Basic commands | 76 | |
| Build / train | 184 | |
| ESC pressed | 7 | |
| Enter build submenu | 195 | |
| Enter hero's abilities submenu | 7 | |
| Give item / drop item | 3 | |
| Remove unit from queue | 1 | |
| Right click | 1535 | |
| Select / deselect | 830 | |
| Select group hotkey | 365 | |
| Use ability | 415 | |
3677 total
» units
| Peasant | 20 | |
| Goblin Shredder | 1 | |
| Dragonhawk Rider | 30 | |
| Goblin Zeppelin | 1 | |
| Priest | 3 | |
55 total
» upgrades
| Masonry | 3 | |
| Magic Sentry | 1 | |
| Priest Training | 2 | |
| Sorceress Training | 1 | |
| Lumber Harvesting | 1 | |
8 total
» buildings
| Altar of Kings | 3 | |
| Farm | 20 | |
| Scout Tower | 146 | |
| Lumber Mill | 4 | |
| Arcane Vault | 3 | |
| Arcane Tower | 11 | |
| Guard Tower | 67 | |
| Keep | 3 | |
| Town Hall | 4 | |
| Arcane Sanctum | 1 | |
| Gryphon Aviary | 4 | |
| Castle | 2 | |
268 total
» build order
00:02 Altar of Kings
00:11 Farm
00:14 Scout Tower
00:33 Lumber Mill
00:35 Lumber Mill
01:17 Arcane Vault
01:19 Arcane Tower
01:57 Scout Tower
02:23 Farm
02:32 Arcane Tower
03:06 Farm
03:14 Scout Tower
03:38 Scout Tower
03:49 Scout Tower
03:52 Scout Tower
04:20 Guard Tower
04:21 Arcane Tower
04:22 Guard Tower
04:41 Scout Tower
04:45 Farm
04:49 Scout Tower
05:15 Guard Tower
05:28 Keep
05:31 Scout Tower
06:17 Scout Tower
06:58 Guard Tower
08:11 Scout Tower
08:13 Town Hall
08:19 Scout Tower
08:19 Scout Tower
08:20 Scout Tower
08:35 Arcane Sanctum
08:38 Gryphon Aviary
08:47 Scout Tower
08:52 Scout Tower
08:54 Scout Tower
09:12 Scout Tower
09:13 Guard Tower
09:15 Guard Tower
09:55 Arcane Tower
09:56 Guard Tower
09:59 Guard Tower
09:59 Scout Tower
10:24 Guard Tower
10:54 Scout Tower
10:54 Scout Tower
10:57 Scout Tower
11:18 Arcane Tower
12:40 Guard Tower
13:54 Guard Tower
15:06 Farm
15:07 Farm
15:26 Town Hall
15:27 Scout Tower
15:28 Scout Tower
15:28 Scout Tower
15:29 Scout Tower
15:30 Scout Tower
15:56 Guard Tower
15:57 Guard Tower
15:59 Scout Tower
16:00 Scout Tower
16:01 Scout Tower
16:02 Scout Tower
16:27 Farm
16:46 Guard Tower
16:47 Scout Tower
17:01 Guard Tower
17:04 Arcane Tower
17:12 Farm
17:32 Guard Tower
17:52 Castle
21:40 Guard Tower
21:51 Guard Tower
22:11 Scout Tower
22:11 Scout Tower
22:39 Town Hall
22:41 Guard Tower
22:59 Scout Tower
23:05 Scout Tower
23:06 Scout Tower
23:12 Lumber Mill
23:34 Guard Tower
23:35 Scout Tower
23:41 Guard Tower
23:44 Scout Tower
23:45 Scout Tower
23:47 Scout Tower
24:08 Guard Tower
24:18 Scout Tower
24:20 Scout Tower
24:25 Scout Tower
24:26 Scout Tower
24:30 Guard Tower
24:33 Scout Tower
24:39 Scout Tower
24:44 Scout Tower
24:46 Scout Tower
25:05 Guard Tower
25:54 Gryphon Aviary
26:03 Farm
26:50 Keep
27:00 Guard Tower
27:01 Scout Tower
27:03 Scout Tower
27:07 Guard Tower
27:09 Scout Tower
27:10 Scout Tower
27:40 Farm
27:42 Farm
27:45 Farm
27:48 Guard Tower
27:50 Scout Tower
27:50 Scout Tower
27:54 Scout Tower
27:55 Scout Tower
28:11 Guard Tower
28:51 Guard Tower
28:55 Scout Tower
28:56 Scout Tower
29:08 Scout Tower
29:10 Scout Tower
29:14 Scout Tower
29:16 Scout Tower
29:27 Arcane Vault
29:31 Guard Tower
29:42 Guard Tower
29:49 Guard Tower
30:08 Scout Tower
30:09 Scout Tower
30:12 Scout Tower
30:13 Scout Tower
30:22 Altar of Kings
30:30 Guard Tower
30:39 Guard Tower
30:49 Scout Tower
31:16 Scout Tower
31:18 Scout Tower
31:20 Scout Tower
31:25 Farm
31:26 Farm
31:30 Castle
31:47 Guard Tower
32:04 Scout Tower
32:06 Scout Tower
32:13 Scout Tower
32:15 Scout Tower
32:23 Scout Tower
32:24 Scout Tower
32:39 Scout Tower
32:43 Scout Tower
32:46 Scout Tower
32:48 Guard Tower
34:11 Guard Tower
34:13 Scout Tower
34:16 Scout Tower
34:39 Farm
34:43 Scout Tower
34:44 Scout Tower
34:46 Scout Tower
35:11 Scout Tower
35:12 Scout Tower
35:15 Scout Tower
35:54 Guard Tower
39:37 Guard Tower
39:41 Scout Tower
39:43 Scout Tower
39:43 Scout Tower
39:44 Scout Tower
40:00 Scout Tower
40:01 Scout Tower
40:05 Scout Tower
40:06 Scout Tower
40:11 Scout Tower
40:17 Guard Tower
40:18 Guard Tower
40:21 Scout Tower
40:22 Guard Tower
40:26 Scout Tower
40:47 Guard Tower
40:51 Scout Tower
40:53 Guard Tower
41:12 Guard Tower
41:25 Scout Tower
41:27 Scout Tower
41:40 Scout Tower
41:44 Guard Tower
41:46 Scout Tower
42:00 Arcane Tower
42:16 Arcane Tower
42:17 Arcane Tower
42:34 Guard Tower
42:36 Scout Tower
43:07 Guard Tower
43:56 Guard Tower
43:58 Scout Tower
44:02 Town Hall
44:24 Scout Tower
44:58 Guard Tower
45:39 Guard Tower
46:11 Scout Tower
48:22 Scout Tower
48:23 Scout Tower
48:24 Scout Tower
48:27 Scout Tower
48:28 Scout Tower
48:53 Altar of Kings
48:54 Guard Tower
48:58 Scout Tower
48:59 Scout Tower
49:20 Arcane Vault
49:26 Scout Tower
49:28 Scout Tower
49:29 Scout Tower
49:30 Scout Tower
49:34 Scout Tower
49:36 Scout Tower
49:39 Scout Tower
49:42 Scout Tower
49:43 Scout Tower
49:55 Keep
50:02 Lumber Mill
50:06 Arcane Tower
50:07 Arcane Tower
50:32 Farm
50:48 Guard Tower
50:51 Scout Tower
50:56 Scout Tower
50:58 Scout Tower
51:39 Farm
51:41 Guard Tower
51:47 Scout Tower
51:50 Scout Tower
51:52 Scout Tower
51:58 Scout Tower
52:23 Gryphon Aviary
52:25 Guard Tower
52:32 Gryphon Aviary
52:35 Scout Tower
52:42 Guard Tower
53:21 Guard Tower
53:22 Scout Tower
53:33 Scout Tower
53:38 Scout Tower
53:39 Scout Tower
53:57 Farm
54:00 Farm
54:02 Guard Tower
54:06 Scout Tower
54:10 Guard Tower
54:37 Guard Tower
54:50 Farm
54:55 Guard Tower
55:01 Scout Tower
55:11 Scout Tower
55:22 Scout Tower
55:23 Scout Tower
55:24 Scout Tower
55:33 Guard Tower
55:36 Scout Tower
55:55 Guard Tower
55:58 Scout Tower
56:23 Guard Tower
56:25 Scout Tower
56:53 Guard Tower
56:55 Guard Tower
57:11 Guard Tower
57:27 Scout Tower
» items
| Scroll of Regeneration | 2 | |
| Lesser Clarity Potion | 1 | |
| Ivory Tower | 17 | |
| Orb of Fire | 1 | |
| Staff of Sanctuary | 2 | |
| Potion of Healing | 1 | |
| Mechanical Critter | 1 | |
| Scroll of Town Portal | 1 | |
26 total
Chat log
(00:07 / Allies) Torgo(Easy): god yes tm
(01:10 / Allies) Torgo(Easy): goin am and skipping t1
(01:26 / Allies) shadowdragon00: wisp inc
(01:41 / Allies) Torgo(Easy): from ur side?
(01:44 / Allies) shadowdragon00: yes
(01:52 / Allies) Torgo(Easy): fuckers are so fast
(02:20 / All) FaLLz: already on my way
(02:51 / Allies) Torgo(Easy): shizle
(03:10 / Allies) Torgo(Easy): halp
(05:10 / Allies) Torgo(Easy): k
(06:27 / Allies) Torgo(Easy): grab it
(06:34 / Allies) shadowdragon00: dam
(06:37 / Allies) shadowdragon00: i needed that lol
(06:38 / Allies) Torgo(Easy): o
(06:39 / Allies) Torgo(Easy): lol
(06:54 / Allies) Torgo(Easy): need to expo soon
(07:14 / Allies) Torgo(Easy): hunts n grunts
(07:23 / Allies) Torgo(Easy): militia otw
(07:27 / Allies) shadowdragon00: they will have air soon
(08:43 / Allies) Torgo(Easy): how many priests do we ned
(11:33 / Allies) Torgo(Easy): oh wait
(13:02 / All) DRAKETOWEEZY: NOOBS LEAVE
(13:45 / Allies) Torgo(Easy): aw
(13:49 / Allies) Torgo(Easy): he paid attention
(13:56 / Allies) shadowdragon00: lol
(14:00 / Allies) Torgo(Easy): need to perch soon
(14:09 / Allies) Torgo(Easy): hate to leave all this gold out
(14:21 / Allies) shadowdragon00: get a zep then
(14:23 / Allies) Torgo(Easy): for your bm to kill
(14:33 / Allies) Torgo(Easy): i cant kill those red creeps yet
(14:45 / Allies) Torgo(Easy): just bypass
(14:49 / Allies) Torgo(Easy): and use ur bm on seige
(15:01 / Allies) Torgo(Easy): u dont need all those other units when they outbnumber
(15:17 / Allies) shadowdragon00: i got the ne good though
(16:54 / Allies) Torgo(Easy): no me gusta ensnare
(19:00 / Allies) Torgo(Easy): go harass em
(19:55 / Allies) Torgo(Easy): yeah to make this work
(20:00 / Allies) Torgo(Easy): you gotta team up on the red creeps fast
(20:06 / Allies) Torgo(Easy): and a lot more towers
(20:14 / Allies) shadowdragon00: i had a ton of towers lol
(20:19 / All) DRAKETOWEEZY: tower bitches
(20:21 / Allies) Torgo(Easy): not by my standards :D
(20:26 / Allies) Torgo(Easy): at least its annoys them
(20:27 / Allies) shadowdragon00: lol
(20:50 / Allies) Torgo(Easy): k perching
(22:55 / Allies) Torgo(Easy): wasted all that exp
(22:56 / Allies) Torgo(Easy): :(
(25:35 / Allies) Torgo(Easy): lol open
(25:41 / Allies) shadowdragon00: so is mine lol
(26:08 / Allies) Torgo(Easy): this wont work with so much gold on the map
(26:11 / Allies) Torgo(Easy): but it irritates them :D
(26:16 / Allies) shadowdragon00: lol
(26:20 / Allies) Torgo(Easy): they might even leave
(27:33 / Allies) Torgo(Easy): lol
(29:38 / Allies) Torgo(Easy): inc shit talk :D
(29:43 / Allies) shadowdragon00: lol
(30:01 / Allies) Torgo(Easy): next theyll check there
(30:33 / Allies) Torgo(Easy): now they get mad :D
(30:34 / All) DRAKETOWEEZY: HOLY
(30:36 / All) Torgo(Easy): hi
(30:59 / Allies) shadowdragon00: inc for the chims
(31:21 / Allies) shadowdragon00: i bet that is what he will build
(31:27 / Allies) Torgo(Easy): of course :D
(31:38 / Allies) Torgo(Easy): should i creep the expo an take it?
(31:51 / Allies) Torgo(Easy): heh
(31:56 / Allies) Torgo(Easy): risky
(33:39 / Allies) Torgo(Easy): ring of regen
(33:40 / Allies) Torgo(Easy): not bad
(33:46 / Allies) shadowdragon00: nope
(33:51 / Allies) Torgo(Easy): gonna take next one
(34:01 / Allies) shadowdragon00: lol
(35:02 / Allies) Torgo(Easy): here goes
(35:27 / Allies) shadowdragon00: get the belt
(35:29 / Allies) Torgo(Easy): yep
(35:59 / Allies) Torgo(Easy): those edge towers were meant to fall
(36:03 / Allies) Torgo(Easy): lol he landed
(36:04 / Allies) Torgo(Easy): already
(38:22 / Allies) Torgo(Easy): shit
(38:30 / Allies) Torgo(Easy): stupid magic sentry range
(38:47 / All) DRAKETOWEEZY: u guys cant win leave!
(38:52 / All) Torgo(Easy): no u
(43:17 / Allies) Torgo(Easy): yay
(43:19 / Allies) Torgo(Easy): open expos
(45:18 / Allies) Torgo(Easy): u there?
(45:23 / Allies) shadowdragon00: yes
(45:28 / Allies) Torgo(Easy): should i try to hold bot right
(45:31 / Allies) Torgo(Easy): as my stay-alive base
(45:35 / Allies) Torgo(Easy): or rebuild everything top right
(45:43 / Allies) shadowdragon00: hm
(45:48 / Allies) Torgo(Easy): ill run out of lumber if i stay
(45:52 / Allies) shadowdragon00: rebuild tom
(45:55 / Allies) shadowdragon00: top
(46:04 / Allies) Torgo(Easy): ill get towers for now
(46:06 / Allies) Torgo(Easy): and see how i do
(46:15 / Allies) Torgo(Easy): ooh
(46:20 / Allies) shadowdragon00: yep
(46:30 / Allies) shadowdragon00: bat riders
(47:09 / Allies) Torgo(Easy): need help microing
(47:17 / Allies) shadowdragon00: on which unit?
(47:20 / Allies) Torgo(Easy): all
(47:20 / Allies) Torgo(Easy): hawks
(47:21 / Allies) Torgo(Easy): etc
(47:38 / Allies) Torgo(Easy): cant see
(48:07 / All) FaLLz: GG
(48:17 / All) DRAKETOWEEZY: GG
(52:52 / Allies) shadowdragon00: you could mass griffs now if u wanted to
(52:57 / Allies) Torgo(Easy): not enough money
(53:01 / Allies) shadowdragon00: true
(55:22 / Allies) shadowdragon00: get a few siege towers?
(55:29 / Allies) Torgo(Easy): theyll kill my other stuff
(55:40 / Allies) shadowdragon00: put them on the end?
(55:42 / Allies) Torgo(Easy): and i cant afford :(
(56:05 / Allies) shadowdragon00: ah i forgot about that tower and i wasnt sure how it would help just thought i would through that out
(57:06 / Allies) Torgo(Easy): lol
(57:08 / Allies) Torgo(Easy): 1 down
(57:13 / All) DRAKETOWEEZY: wow
(57:40 / All) DRAKETOWEEZY: fucking noobs
(57:44 / Allies) Torgo(Easy): lol
(57:46 / Allies) Torgo(Easy): buthurt
(57:50 / Allies) shadowdragon00: lol
(58:30 / Allies) Torgo(Easy): get rdy
(58:33 / Allies) Torgo(Easy): to shackle